 Dungeon Crawl Stone Soup version 0.18-a0-952-g309898a (webtiles) character file.

67 filipzpl the Magician (level 4, 0/24 HPs)
             Began as a Deep Elf Wizard on Dec 30, 2015.
             Killed from afar by MordorOrchid's ghost (19 damage)
             ... with a puff of flame
             ... on level 3 of the Dungeon.
             The game lasted 00:04:59 (1681 turns).

filipzpl the Magician (Deep Elf Wizard)             Turns: 1681, Time: 00:05:00

Health: 0/24       AC:  3    Str:  4    XL:     4   Next: 0%
Magic:  4/14       EV: 12    Int: 24    God:
Gold:   111        SH:  0    Dex: 13    Spells: 5 memorised, 4 levels left

rFire  . . .     SeeInvis .     n - +1 hand axe
rCold  . . .     Gourm    .     a - +0 robe
rNeg   . . .     Faith    .     (no shield)
rPois  .         Spirit   .     b - +0 hat
rElec  .         Dismiss  .     i - +0 cloak
rCorr  .         Reflect  .     (no gloves)
SustAt .         Harm     .     (no boots)
MR     .....                    (no amulet)
Stlth  ++........               (no ring)
                                (no ring)

@: not resistant to hostile enchantments, unstealthy
A: no striking features
a: no special abilities


You were on level 3 of the Dungeon.
You were not hungry.

You visited 1 branch of the dungeon, and saw 3 of its levels.

You collected 111 gold pieces.

Inventory:

Hand Weapons
 n - a +1 hand axe (weapon)
Armour
 a - a +0 robe (worn)
 b - a +0 hat (worn)
 i - a +0 cloak (worn)
Scrolls
 h - 4 scrolls of remove curse
 j - a scroll of magic mapping
 l - a scroll of recharging
 r - a scroll of fog
Potions
 e - 2 potions of haste
 p - a potion of resistance
 s - a potion of flight
Books
 c - a book of Minor Magic

   Spells                             Type                      Level
   a - Magic Dart                     Conjuration                  1
   b - Blink                          Translocation                2
   c - Call Imp                       Summoning                    2
   d - Repel Missiles                 Charms/Air                   2
   e - Slow                           Hexes                        2
   f - Conjure Flame                  Conjuration/Fire             3
   g - Mephitic Cloud                 Conjuration/Poison/Air       3
Comestibles
 d - 2 bread rations
 m - 2 meat rations


   Skills:
 - Level 2.4 Dodging
 - Level 2.4 Stealth
 * Level 6.1 Spellcasting
 + Level 2.4 Conjurations
   Level 1.1 Summonings
 - Level 1.1 Translocations


You had 4 spell levels left.
You knew the following spells:

 Your Spells              Type           Power        Failure   Level  Hunger
a - Magic Dart            Conj           ###.         3%          1    None
b - Blink                 Tloc           N/A          10%         2    None
c - Repel Missiles        Chrm/Air       #.....       12%         2    None
d - Conjure Flame         Conj/Fire      ##......     17%         3    #......
e - Mephitic Cloud        Conj/Pois/Air  ##......     21%         3    #......


Dungeon Overview and Level Annotations

Branches:
Dungeon (3/15)

Altars:
Vehumet

Annotations:
D:3 MordorOrchid's ghost, novice OpFE


Message History

MordorOrchid's ghost barely misses you.
Casting: Magic Dart
Confirm with . or Enter, or press ? or * to list all spells.
Aiming: Magic Dart
Press: ? - help, Shift-Dir - straight line, f/p - MordorOrchid's ghost
Aim: MordorOrchid's ghost, wielding a weapon of electrocution (heavily damaged)
The magic dart hits MordorOrchid's ghost.
MordorOrchid's ghost is severely damaged.
MordorOrchid's ghost barely misses you.
Casting: Magic Dart
Confirm with . or Enter, or press ? or * to list all spells.
Aiming: Magic Dart
Press: ? - help, Shift-Dir - straight line, f/p - MordorOrchid's ghost
Aim: MordorOrchid's ghost, wielding a weapon of electrocution (severely damaged)
The magic dart hits MordorOrchid's ghost.
MordorOrchid's ghost is severely damaged.
MordorOrchid's ghost casts a spell at you.
The puff of flame hits you!
Ouch! That really hurt!
You die...

....... #
....... .##
.......####..##
..............
g....§......##
.....§.......##
##.§_..........
...§§§W@.....#
..§.....##.....
......... ...
.......... .
..?...#####
...... ......
.....>


You could see MordorOrchid's ghost and a hobgoblin (sleeping).

Vanquished Creatures
  2 adders (D:2)
  2 oozes
  A ball python (D:2)
  6 bats
  A giant cockroach (D:1)
  5 goblins
  4 hobgoblins
  6 kobolds
  A quokka (D:2)
  4 giant geckos (D:2)
  4 giant newts
  4 rats
40 creatures vanquished.

Notes
Turn   | Place    | Note
--------------------------------------------------------------
     0 | D:1      | filipzpl the Deep Elf Wizard began the quest for the Orb.
     0 | D:1      | Reached XP level 1. HP: 10/10 MP: 7/7
   345 | D:1      | Reached skill level 5 in Spellcasting
   349 | D:1      | Reached XP level 2. HP: 15/15 MP: 6/10
  1053 | D:2      | Reached XP level 3. HP: 19/19 MP: 1/12
  1132 | D:2      | Learned a level 2 spell: Blink
  1135 | D:2      | Learned a level 2 spell: Repel Missiles
  1139 | D:2      | Learned a level 3 spell: Conjure Flame
  1143 | D:2      | Learned a level 3 spell: Mephitic Cloud
  1330 | D:2      | Reached skill level 6 in Spellcasting
  1553 | D:2      | Reached XP level 4. HP: 24/24 MP: 8/14
  1670 | D:3      | Found a radiant altar of Vehumet.
  1670 | D:3      | Noticed MordorOrchid's ghost (novice OpFE)
  1681 | D:3      | Killed from afar by MordorOrchid's ghost

Vault maps used:
D:1:      dpeg_arrival_connections, minmay_misc_feat_hallway
D:2:      first_bread
D:3:      fiery_altar_vehumet, portal_sewer_entry_d

Action                   |  1- 3 |  4- 6 || total
-------------------------+-------+-------++-------
Melee: Unarmed           |     6 |       ||     6
 Cast: Magic Dart        |    86 |    12 ||    98
  Use: Scroll            |       |    11 ||    11
 Stab: Sleeping          |     1 |       ||     1
  Eat: Chunk             |     2 |       ||     2
